 Dungeon Crawl Stone Soup version 0.28-a0-850-g09de17f5b5 (webtiles) character file.

Game seed: 2809561844709989370

3293 porpoise the Magician (level 9, -24/75 HPs)
             Began as a White Draconian Conjurer on Nov 14, 2021.
             Was a Follower of Vehumet.
             Annihilated by a boulder beetle (37 damage)
             ... on level 8 of the Dungeon.
             The game lasted 00:30:34 (10013 turns).

porpoise the Magician (White Draconian Conjurer)   Turns: 10013, Time: 00:30:35

Health: -24/75     AC: 19    Str: 10    XL:     9   Next: 69%
Magic:  1/19       EV: 12    Int: 22    God:    Vehumet [*.....]
Gold:   152        SH:  0    Dex:  9    Spells: 11/22 levels left

rFire   . . .      SeeInvis .   a - +1 hand axe (elec)
rCold   + . .      Faith    .   (no shield)
rNeg    . . .      Spirit   .   (armour unavailable)
rPois   .          Reflect  .   p - +2 hat
rElec   .          Harm     .   y - +1 cloak
rCorr   .          Rampage  .   z - +0 pair of gloves
Will    +....                   A - +2 pair of boots {Stlth+}
Stlth   +++.......              (no amulet)
HPRegen 0.22/turn               F - ring of willpower
MPRegen 0.16/turn               L - +4 ring of protection

@: mighty
A: breathe frost, AC +7, unfitting armour, cold resistance 1, cold-blooded
a: Breathe Frost, Renounce Religion


You were on level 8 of the Dungeon.
You worshipped Vehumet.
Vehumet was aware of your devotion.
You visited 2 branches of the dungeon, and saw 9 of its levels.

You collected 392 gold pieces.
You spent 240 gold pieces at shops.

Inventory:

Hand Weapons
 a - a +1 hand axe of electrocution (weapon)
 b - a +0 hunting sling
 n - a +0 short sword
 w - a +2 dagger of protection
Missiles
 d - 5 javelins
 e - 63 poisoned darts (quivered)
 g - 5 boomerangs
 o - 2 throwing nets
 G - 242 stones
 J - 33 sling bullets
Armour
 p - a +2 hat (worn)
 x - a +0 buckler
 y - a +1 cloak (worn)
 z - a +0 pair of gloves (worn)
 A - a +2 pair of boots of stealth (worn)
Jewellery
 f - a +6 ring of dexterity
 u - a ring of poison resistance
 F - a ring of willpower (left hand)
 L - a +4 ring of protection (right hand)
Wands
 c - a wand of polymorph (11)
 v - a wand of digging (6)
 H - a wand of mindburst (9)
Scrolls
 i - a scroll of enchant armour
 k - a scroll of noise
 m - 2 scrolls of teleportation
 r - 2 scrolls of amnesia
 B - a scroll of fear
Potions
 h - 5 potions of cancellation
 j - a potion of lignification {unknown}
 l - 2 potions of might
 q - 2 potions of curing {unknown}
 s - 3 potions of ambrosia {unknown}
 t - 3 potions of heal wounds {unknown}
 C - a potion of brilliance {unknown}
 D - a potion of magic {unknown}
 E - 2 potions of resistance {unknown}
 I - a potion of degeneration {unknown}
 K - a potion of attraction {unknown}


   Skills:
 + Level 5.8 Fighting
 - Level 1.7 Dodging
 - Level 1.7 Stealth
 - Level 7.0 Spellcasting
 - Level 7.0 Conjurations
 - Level 5.0 Hexes
 + Level 6.3 Translocations


You had 11 spell levels left.
You knew the following spells:

 Your Spells              Type           Power      Damage    Failure   Level
a - Magic Dart            Conj           100%       1d8       1%          1
b - Searing Ray           Conj           76%        2d7       1%          2
c - Fulminant Prism       Conj/Hex       17%        3d11      7%          4
d - Iskenderun's Mystic   Conj/Tloc      37%        2d9       5%          4

Your spell library contained the following spells:

 Spells                   Type           Power      Damage    Failure   Level
 Shock                    Conj/Air       92%        1d8       1%          1
 Slow                     Hex            100%       N/A       1%          1
 Dazzling Flash           Conj/Hex       68%        N/A       1%          3
 Confusing Touch          Hex            29%        N/A       3%          3
 Tukima's Dance           Hex            29%        N/A       3%          3
 Ensorcelled Hibernation  Hex/Ice        36%        N/A       4%          2
 Yara's Violent Unravell  Hex/Tmut       9%         3d6       63%         5


Dungeon Overview and Level Annotations

Branches:
Dungeon (8/15)             Temple (1/1) D:4
   Lair: D:8-11

Altars:
Ashenzari
Elyvilon
Fedhas
Kikubaaqudgha
Makhleb
Nemelex Xobeh
Okawaru
Qazlal
Ru
Sif Muna
Vehumet
Wu Jian
Yredelemnul
Zin
The Shining One

Shops:
D:1 !=[

Annotations:
D:2 Sigmund
D:8 1 exclusion


Innate Abilities, Weirdness & Mutations

You can breathe waves of freezing cold which knock back foes.
Your icy white scales are hard. (AC +7)
You cannot fit into any form of body armour.
Your flesh is cold resistant. (rC+)
You are cold-blooded and may be slowed by cold attacks.


Message History

You conjure a prism of explosive energy!
A fulminant prism comes into view.
The boulder beetle bites you!
* * * LOW HITPOINT WARNING * * *
Casting: Fulminant Prism (dangerous; 7% risk of failure)
Confirm with . or Enter, or press ? or * to list all spells.
You erupt in a blast of force!
The mystic blast hits the boulder beetle.
The boulder beetle is moderately wounded.
The boulder beetle is knocked back by the mystic blast.
The gnoll hits your fulminant prism with a +0 long sword.
Your fulminant prism crackles loudly.
You feel very mighty all of a sudden.
Your fulminant prism explodes!
The blast of energy engulfs the gnoll!!
You kill the gnoll!
Vehumet accepts your kill.
You feel your power returning.
The blast of energy engulfs the boulder beetle!
The boulder beetle is heavily wounded.
You hear a bellow!
Your magical contamination has completely faded away.
You hear the crackle of electricity.
a - a +1 hand axe of electrocution (weapon)
You hit the boulder beetle.
The boulder beetle is heavily wounded.
The boulder beetle leaps!
Casting: Iskenderun's Mystic Blast (dangerous; 5% risk of failure)
Confirm with . or Enter, or press ? or * to list all spells.
Aiming: Searing Ray (safe; 1% risk of failure)
Press: ? - help, Shift-Dir - straight line The searing ray hits the boulder beetle but does no damage.
The boulder beetle is heavily wounded. (Press . to maintain the ray.)
The boulder beetle curls into a ball and begins rolling!
Unknown command.
You hit the boulder beetle but do no damage.
The boulder beetle is heavily wounded.
The boulder beetle looks more healthy.
The boulder beetle hits you!!!
You die...

### ..# #.# ##
#.# ....###.####
#....B°.#
#.##@##.# ###
#.##○# ##..( #
#..#°# #..... #.
##.#g# ...Yo.
#.###.#(###.ggYo.
#.....[.(#..*#ogg
###...##(#..(#g?g
#...##('.#####o
#...####.g(#Bo.


You could see a boulder beetle (rolling).

Vanquished Creatures
  A hornet (D:7)
  Eustachio (D:6)
  3 water moccasins
  2 orc warriors
  2 sky beasts
  An ice beast (D:5)
  4 black bears
  2 ogres
  A centaur (D:8)
  A phantom (D:6)
  A kobold brigand (D:8)
  A bullfrog (D:7)
  2 gnoll sergeants
  3 killer bees (D:6)
  3 wights (D:8)
  A centaur zombie (D:6)
  3 hounds
  An orc priest (D:8)
  2 jellies
  A centaur skeleton (D:6)
  3 iron imps (D:3)
  Jessica (D:2)
  Terence (D:3)
  3 iguanas
  7 orc wizards
  A hound skeleton (D:4)
  3 howler monkey zombies
  8 gnolls
  5 adders
  2 ufetubi
  3 worms
  3 dart slugs
  22 orcs
  11 bats
  10 endoplasms
  3 giant cockroaches
  4 goblins
  4 hobgoblins
  7 jackals
  16 kobolds
  4 quokkas
  5 ball pythons
  A frilled lizard (D:2)
  4 rats
167 creatures vanquished.

Vanquished Creatures (others)
  9 fulminant prisms
9 creatures vanquished.

Grand Total: 176 creatures vanquished

Notes
Turn   | Place    | Note
-------+----------+-------------------------------------------
     0 | D:1      | porpoise the Draconian Conjurer began the quest for the
                  | Orb.
     0 | D:1      | Reached XP level 1. HP: 14/14 MP: 3/3
   114 | D:1      | Reached XP level 2. HP: 20/20 MP: 0/5
   227 | D:1      | Learned a level 2 spell: Searing Ray
   440 | D:1      | Found Fuecsen's Distillery.
   518 | D:1      | Found a faded altar of an unknown god.
   841 | D:1      | Reached XP level 3. HP: 26/26 MP: 4/7
   953 | D:1      | Found Jeax Jiodo's Jewellery Shoppe.
  1064 | D:1      | Found Jeqe's Antique Armour Emporium.
  1460 | D:2      | Noticed Sigmund
  1618 | D:2      | Reached XP level 4. HP: 33/33 MP: 5/8
  1649 | D:2      | Learned a level 4 spell: Fulminant Prism
  1780 | D:2      | Noticed Jessica
  1790 | D:2      | Killed Jessica
  1791 | D:2      | Reached skill level 5 in Conjurations
  2440 | D:3      | Noticed Terence
  2474 | D:3      | Killed Terence
  2475 | D:3      | Reached skill level 1 in Hexes
  2476 | D:3      | Reached XP level 5. HP: 33/38 MP: 0/10
  3012 | D:3      | Found a burning altar of Makhleb.
  3419 | D:4      | Reached XP level 6. HP: 38/45 MP: 3/12
  4047 | D:4      | Found a glowing silver altar of Zin.
  4049 | D:4      | Found an ornate altar of the Wu Jian Council.
  4049 | D:4      | Found a sacrificial altar of Ru.
  4051 | D:4      | Found a shimmering blue altar of Sif Muna.
  4051 | D:4      | Found an ancient bone altar of Kikubaaqudgha.
  4214 | D:4      | Reached skill level 5 in Spellcasting
  4440 | D:4      | Found a staircase to the Ecumenical Temple.
  4456 | Temple   | Entered the Ecumenical Temple
  4476 | Temple   | Became a worshipper of Vehumet
  4602 | D:5      | Entered Level 5 of the Dungeon
  4703 | D:5      | Your scales start taking on an icy white colour.
  4703 | D:5      | Reached XP level 7. HP: 50/50 MP: 8/14
  4703 | D:5      | Gained mutation: Your flesh is cold resistant. (rC+) [White
                  | Draconian growth]
  4912 | D:1      | Bought a pair of runed boots for 240 gold pieces
  5083 | D:5      | Learned a level 4 spell: Iskenderun's Mystic Blast
  5219 | D:5      | Found a white marble altar of Elyvilon.
  5848 | D:6      | Reached skill level 5 in Hexes
  6091 | D:6      | Reached XP level 8. HP: 57/57 MP: 9/17
  6144 | D:6      | Noticed Eustachio
  6167 | D:6      | Killed Eustachio
  6466 | D:6      | Identified the +0 plate armour "Jahaleca" {Fly rF+ Slay-3}
  7031 | D:6      | Reached skill level 1 in Translocations
  7599 | D:7      | Found a sparkling altar of Nemelex Xobeh.
  7730 | D:7      | Reached skill level 1 in Fighting
  7823 | D:7      | Reached XP level 9. HP: 67/67 MP: 11/19
  8858 | D:8      | Reached * piety under Vehumet
  8858 | D:8      | Offered knowledge of Shock by Vehumet.
  9057 | D:8      | Noticed a boulder beetle
  9068 | D:8      | Reached skill level 5 in Translocations
  9415 | D:8      | Noticed a death yak
  9500 | D:8      | Reached skill level 5 in Fighting
 10013 | D:8      | Annihilated by a boulder beetle

Illustrated notes

Levels and vault maps discovered:
D:1:      minmay_arrival_solitary_statue, layout_rooms, serial_shops,
          nicolae_shop_behind_doors, nicolae_shop_window_shopping,
          nicolae_square_shop, hellmonk_ecumenical_altar_lost_god,
          minmay_tetromino_o2
D:2:      layout_basic, kennysheep_cross_room, uniq_sigmund, uniq_jessica
D:3:      layout_rooms, demons_altar, uniq_terence
D:4:      layout_cave_pools, grunt_temple_overflow_open,
          minmay_temple_entry_wispy
D:5:      layout_basic, elyvilon_altar_5, minmay_fractal_squares_gapless_5
D:6:      layout_loops_corners, amcnicky_mini_pool_small, uniq_eustachio
D:7:      minmay_general_purpose_star, layout_loops_ring,
          nemelex_diamond_rough_becter, nicolae_underground_beach
D:8:      layout_loops_cross, dpeg_lair_monsters, enter_ossuary_3,
          nrook_mini_vaults, minmay_statues_item, st_stairs_10, grunt_potential
Temple:   dshaligram_water_room_temple

Skill      XL: |  1  2  3  4  5  6  7  8  9 |
---------------+----------------------------+-----
Spellcasting   | 3 4 5 6 7 |  7.0
Conjurations   | 5 7 |  7.0
Hexes          | 1 2 3 5 |  5.0
Translocations | 3 6 |  6.3
Fighting       | 1 5 |  5.8
Dodging        | |  1.7
Stealth        | |  1.7

Action                   |  1- 3 |  4- 6 |  7- 9 || total
-------------------------+-------+-------+-------++-------
Melee: Short sword       |     2 |     2 |       ||     4
       Dagger            |       |    12 |       ||    12
       Tailslap          |       |     1 |       ||     1
       Hand axe          |       |       |    12 ||    12
 Fire: Hunting sling     |       |       |    40 ||    40
Throw: Dart              |     4 |    33 |    19 ||    56
 Cast: Magic Dart        |    66 |    32 |    11 ||   109
       Searing Ray       |     5 |    33 |    73 ||   111
       Fulminant Prism   |       |       |     9 ||     9
       Iskenderun's Myst |       |       |     3 ||     3
  Use: Scroll            |       |     1 |     9 ||    10
       Potion            |       |       |     1 ||     1
Armor: Skin              |     2 |    31 |    67 ||   100
Dodge: Dodged            |     4 |    31 |    86 ||   121

Table legend: (Time is in decaauts)
 A = Elapsed time spent in this place.
 B = Non-inter-level travel time spent in this place.
 C = Inter-level travel time spent in this place.
 D = Time resting spent in this place.
 E = Time spent auto-exploring this place.
 F = Levels seen in this place.
 G = Mean time per level.
                   A        B        C        D        E       F      G
               +--------+--------+--------+--------+--------+-----+--------+
         Total |  10034 |   9591 |    443 |   4468 |   3615 |   9 | 1114.9 |
       Dungeon |   9997 |   9570 |    427 |   4468 |   3605 |   8 | 1249.6 |
        Temple |     36 |     20 |     16 |      0 |     10 |   1 |   36.0 |
               +--------+--------+--------+--------+--------+-----+--------+

Top non-repeatable levels by time:
     D:6: 1743 daAuts
     D:7: 1673 daAuts
     D:1: 1272 daAuts
     D:3: 1272 daAuts
     D:2: 1188 daAuts
     D:4: 974 daAuts
     D:5: 956 daAuts
     D:8: 917 daAuts
  Temple: 36 daAuts
